[Event "Titled Tuesday Blitz November 14 Early 2023"]
[White "Bettalli, Francesco"]
[Black "Nakamura, Hikaru"]
[WhiteFideId "2816453"]
[BlackFideId "2016192"]
[WhiteElo "2542"]
[BlackElo "3329"]
[Result "0-1"]
[Round "1"]
[TimeControl "180+1"]
[Date "2023.11.14"]
[WhiteClock "0:00:24"]
[BlackClock "0:01:24"]
[Board "1"]

1. e4 a6 2. d4 e6 3. Bd3 c5 4. c3 d5 5. e5 Bd7 6. f4 Bb5 7. Nf3 Qb6 8. O-O Nc6 9. Bxb5 axb5 10. Be3 Nh6 11. h3 cxd4 12. Nxd4 Bc5 13. g4 f5 14. g5 Nf7 15. Kg2 O-O 16. h4 b4 17. Nxc6 bxc6 18. Bxc5 Qxc5 19. Qd4 Qb5 20. Rf2 c5 21. Qd2 Rfb8 22. b3 Nd8 23. h5 Nc6 24. h6 g6 25. c4 Qb7 26. cxd5 Nd4 27. Qd3 Qxd5+ 28. Kh2 Nxb3 29. Qxb3 Qxb3 30. axb3 Rxa1 31. Nd2 Ra2 32. Kg3 Rd8 33. Nc4 Rxf2 34. Kxf2 Rd4 35. Na5 Rxf4+ 0-1


[Site "https://www.chess.com"]

[Event "Titled Tuesday Blitz November 14 Early 2023"]
[White "Dubov, Daniil"]
[Black "Lehtosaari, Mauri"]
[WhiteFideId "24126055"]
[BlackFideId "501999"]
[WhiteElo "3131"]
[BlackElo "2539"]
[Result "1-0"]
[Round "1"]
[TimeControl "180+1"]
[Date "2023.11.14"]
[WhiteClock "0:00:06"]
[BlackClock "0:00:06"]
[Board "2"]

1. e4 d5 2. exd5 Qxd5 3. Nc3 Qd8 4. d4 Nf6 5. Bg5 c6 6. Bc4 Qa5 7. Qd2 Bf5 8. Nf3 e6 9. O-O Nbd7 10. Rfe1 Be7 11. Ne5 Qd8 12. Rad1 Nxe5 13. Rxe5 O-O 14. h3 Bg6 15. Qe2 Re8 16. a4 a5 17. Bd3 Nd5 18. Bxe7 Nxe7 19. h4 Bxd3 20. Rxd3 Ng6 21. Re4 h6 22. h5 Ne7 23. Rg4 Nf5 24. Qe5 Qb8 25. Qe1 Rd8 26. Ne4 Kh8 27. Ng3 Ne7 28. Re4 Rd5 29. Rf3 Qe8 30. Ref4 Nf5 31. Nxf5 exf5 32. Qxe8+ Rxe8 33. Rxf5 Rxd4 34. Rxf7 Re1+ 35. Kh2 Rh4+ 36. Rh3 Rxa4 37. Rxb7 Re2 38. Rf3 Rh4+ 39. Kg3 Rxh5 40. Rf8+ Kh7 41. f4 Re6 42. Kf3 Rg6 43. Rbb8 Rf6 44. Rxf6 gxf6 45. Rc8 Rb5 46. b3 Rc5 47. c4 a4 48. bxa4 Rxc4 49. a5 Ra4 50. Rxc6 Rxa5 51. Rxf6 Kg7 52. Re6 Ra3+ 53. Re3 Ra4 54. g4 Kf6 55. Kg3 Rb4 56. Ra3 Rb6 57. Kh4 Kg6 58. Ra8 Rb1 59. Ra6+ Kg7 60. Ra7+ Kg6 61. f5+ Kf6 62. Ra6+ Kg7 63. Rg6+ Kh7 64. Re6 Kg7 65. Kg3 Rb3+ 66. Kf4 Rb4+ 67. Re4 Rb1 68. Re7+ Kg8 69. f6 Rb5 70. Rg7+ Kf8 71. Rh7 Rb6 72. Rxh6 Kf7 73. g5 Rb4+ 74. Kf5 Rb5+ 75. Kg4 Rb4+ 76. Kh5 Kg8 77. Rg6+ Kh7 78. Rg7+ Kh8 79. Re7 Kg8 80. Kg6 Rb8 81. Re8+ Rxe8 82. f7+ 1-0


[Site "https://www.chess.com"]

[Event "Titled Tuesday Blitz November 14 Early 2023"]
[White "ChainedDowntohell"]
[Black "Nihal Sarin"]
[BlackFideId "25092340"]
[WhiteElo "2538"]
[BlackElo "3118"]
[Result "0-1"]
[Round "1"]
[TimeControl "180+1"]
[Date "2023.11.14"]
[WhiteClock "0:00:00"]
[BlackClock "0:00:15"]
[Board "3"]

1. d4 Nf6 2. c4 e6 3. Nf3 d5 4. Nc3 Bb4 5. cxd5 exd5 6. Bf4 O-O 7. e3 c6 8. Bd3 Bg4 9. Qc2 Bxf3 10. gxf3 Nbd7 11. O-O Re8 12. Kh1 g6 13. Rg1 Nh5 14. Bg5 Be7 15. f4 Nf8 16. Rg2 Bxg5 17. Rxg5 Ne6 18. Rg2 Qf6 19. Rag1 Nhxf4 20. exf4 Nxf4 21. Rg3 Qxd4 22. Rf3 Re5 23. Ne2 Nxe2 24. Bxe2 Rae8 25. Bd3 R8e7 26. Rfg3 Qf4 27. Bxg6 fxg6 28. Rxg6+ Kf7 0-1


[Site "https://www.chess.com"]

[Event "Titled Tuesday Blitz November 14 Early 2023"]
[White "Kunin, Vitaly"]
[Black "Pranav, V"]
[WhiteFideId "4128737"]
[BlackFideId "25060783"]
[WhiteElo "2534"]
[BlackElo "3100"]
[Result "0-1"]
[Round "1"]
[TimeControl "180+1"]
[Date "2023.11.14"]
[WhiteClock "0:00:00"]
[BlackClock "0:00:06"]
[Board "5"]

1. d4 Nf6 2. c4 e6 3. Nf3 b6 4. g3 Bb7 5. Bg2 Be7 6. O-O O-O 7. Nc3 a5 8. Qc2 Bb4 9. Bd2 Bxc3 10. Bxc3 d6 11. Rfd1 Nbd7 12. Rac1 Re8 13. Ne1 Bxg2 14. Nxg2 Qe7 15. Ne3 Nf8 16. Qa4 Ne4 17. Qc6 f5 18. d5 Rac8 19. dxe6 Qxe6 20. Qd5 g6 21. Be1 Nf6 22. Qxe6+ Nxe6 23. b3 Nc5 24. Bc3 Kf7 25. Bxf6 Kxf6 26. Nd5+ Kf7 27. e3 h5 28. h4 Ne6 29. Kg2 Ra8 30. Rc3 Ra7 31. Kf3 Nc5 32. Rc2 Ne4 33. Nc3 Nf6 34. Nd5 Ng4 35. Ke2 Ne5 36. Rdc1 Nc6 37. Rd2 Nd8 38. Nf4 Nc6 39. Nd5 Rb8 40. a4 Re8 41. Rcd1 Ne5 42. Rc1 Nd7 43. Nc3 Nc5 44. Rb1 Raa8 45. Nb5 Re7 46. Nd4 Ke8 47. Nc6 Rh7 48. Nd4 Kd7 49. Nf3 Re7 50. Nd4 Rae8 51. Kf3 Ne4 52. Rc2 Nf6 53. Rd1 Ng4 54. Rc3 c6 55. Ne2 Kc7 56. Nf4 Ne5+ 57. Kg2 Rg8 58. Rc2 Rf7 59. Rcd2 Rf6 60. Nd3 Nd7 61. Rc2 Nc5 62. Rb2 Ne4 63. Nf4 Nc5 64. Rdd2 Nd7 65. Rd1 Ne5 66. Nd3 Nd7 67. Nf4 Nc5 68. Nd3 g5 69. hxg5 Rxg5 70. Kf3 Rh6 71. Nxc5 bxc5 72. Rh1 Rh8 73. Rd2 Rb8 74. Rd3 Kd7 75. Kf4 Rg4+ 76. Kf3 Rh8 77. Rhd1 Rh6 78. Rh1 Ke7 79. Rh2 h4 80. Rxh4 Rgxh4 81. gxh4 Rxh4 82. Rd1 Rh8 83. Ke2 Rb8 84. Rb1 Ke6 85. Kd3 d5 86. Kc3 Ke5 87. Rh1 d4+ 88. Kc2 Ke4 89. Rh4+ Ke5 90. Rh7 Rg8 91. Re7+ Kd6 92. Rf7 Ke6 93. Rc7 Kd6 94. Rf7 Rg2 95. Rxf5 dxe3 96. Kd3 exf2 97. Ke2 Rg3 98. Rf6+ Kc7 99. Kf1 Rxb3 100. Kxf2 Rb4 101. Rf4 Rxa4 102. Ke3 Ra1 103. Kd3 Rd1+ 104. Kc3 Kb6 105. Rf8 Rh1 106. Rb8+ Kc7 107. Ra8 Ra1 108. Rg8 a4 109. Rg7+ Kb6 110. Rg8 Ra3+ 111. Kc2 Ka5 112. Rb8 Rh3 113. Kb2 a3+ 114. Ka2 Ka4 115. Rb6 Rc3 116. Rxc6 Rc2+ 0-1


[Site "https://www.chess.com"]

[Event "Titled Tuesday Blitz November 14 Early 2023"]
[White "Duda, Jan-Krzysztof"]
[Black "Kochiev, Ivan"]
[WhiteFideId "1170546"]
[BlackFideId "2917890"]
[WhiteElo "3098"]
[BlackElo "2534"]
[Result "1-0"]
[Round "1"]
[TimeControl "180+1"]
[Date "2023.11.14"]
[WhiteClock "0:00:34"]
[BlackClock "0:00:02"]
[Board "6"]

1. Nf3 Nf6 2. g3 b6 3. Bg2 Bb7 4. d4 e6 5. O-O c5 6. c4 cxd4 7. Qxd4 d6 8. Nc3 a6 9. Rd1 Be7 10. b3 O-O 11. Ba3 d5 12. Bxe7 Qxe7 13. Ne5 dxc4 14. Bxb7 Qxb7 15. Nxc4 Nbd7 16. e4 b5 17. Nd6 Qa7 18. Ne2 Rfd8 19. f4 Nf8 20. e5 Nd5 21. Rac1 Nd7 22. Qxa7 Rxa7 23. Nd4 Raa8 24. Nc6 Rf8 25. Rxd5 exd5 26. Ne7+ Kh8 27. Nxd5 a5 28. Rc7 Rad8 29. Nb7 Nxe5 30. Nxd8 Rxd8 31. fxe5 1-0


[Site "https://www.chess.com"]

[Event "Titled Tuesday Blitz November 14 Early 2023"]
[White "Taboas Rodriguez, Daniel"]
[Black "Tabatabaei, M. Amin"]
[WhiteFideId "2208466"]
[BlackFideId "12521213"]
[WhiteElo "2532"]
[BlackElo "3094"]
[Result "1-0"]
[Round "1"]
[TimeControl "180+1"]
[Date "2023.11.14"]
[WhiteClock "0:00:26"]
[BlackClock "0:00:19"]
[Board "7"]

1. d4 Nf6 2. Nf3 g6 3. c4 Bg7 4. Nc3 O-O 5. e4 d6 6. Be2 e5 7. dxe5 dxe5 8. Qxd8 Rxd8 9. Bg5 Re8 10. Nd5 Nxd5 11. cxd5 c6 12. Bc4 b5 13. Bb3 a5 14. a4 bxa4 15. Rxa4 Bd7 16. Ra2 cxd5 17. Bxd5 Nc6 18. O-O Rab8 19. Bd2 Ne7 20. Bc4 a4 21. Ng5 Rf8 22. Rd1 h6 23. Nxf7 Rxf7 24. Bc3 Bb5 25. Be6 Kf8 26. Bxf7 Kxf7 27. h4 g5 28. hxg5 hxg5 29. Raa1 Ke6 30. Bb4 Nc6 31. Rd6+ Kf7 32. Rd7+ Kg8 33. Bd6 Ra8 34. Rb7 Bd3 35. f3 Bf6 36. Rc1 Ra6 37. Rc3 Bb1 38. Rc7 Nd4 39. Rc8+ Kf7 40. R3c7+ Ke6 41. Ba3 Bd3 42. Re8+ 1-0


[Site "https://www.chess.com"]

[Event "Titled Tuesday Blitz November 14 Early 2023"]
[White "Firouzja, Alireza"]
[Black "subham777"]
[WhiteFideId "12573981"]
[WhiteElo "3075"]
[BlackElo "2531"]
[Result "1-0"]
[Round "1"]
[TimeControl "180+1"]
[Date "2023.11.14"]
[WhiteClock "0:00:57"]
[BlackClock "0:00:09"]
[Board "8"]

1. e4 e6 2. d4 d5 3. e5 c5 4. c3 Nc6 5. Nf3 Qb6 6. a3 c4 7. Nbd2 Na5 8. h4 h5 9. Ng5 g6 10. Rb1 Bd7 11. Rh3 Nh6 12. Rf3 Nf5 13. g3 Be7 14. Bh3 Bxg5 15. hxg5 Rc8 16. Rf4 Nb3 17. Nxb3 cxb3 18. Kf1 a5 19. Kg2 a4 20. Be3 Kf8 21. Kh2 Kg7 22. Qd2 Qd8 23. Rf3 b5 24. Bf4 Rc4 25. Rh1 Qe7 26. Bxf5 exf5 27. e6 Bxe6 28. Be5+ Kg8 29. Bxh8 Kxh8 30. Re1 Rc6 31. Kg2 Qd8 32. Qf4 Qc7 33. Qe3 Kg7 34. Rf4 Qd8 35. Qe5+ Kg8 36. Qe2 Qxg5 37. Qxb5 Bd7 38. Qxa4 Re6 39. Qa8+ Kg7 40. Rxe6 Bxe6 41. Qb8 h4 42. Rxh4 Qd2 43. Qh8# 1-0


[Site "https://www.chess.com"]

[Event "Titled Tuesday Blitz November 14 Early 2023"]
[White "Yaksin, Oleg"]
[Black "Movahed, Sina"]
[WhiteFideId "24105880"]
[BlackFideId "42520835"]
[WhiteElo "2530"]
[BlackElo "3075"]
[Result "0-1"]
[Round "1"]
[TimeControl "180+1"]
[Date "2023.11.14"]
[WhiteClock "0:00:00"]
[BlackClock "0:00:03"]
[Board "9"]

1. d4 Nf6 2. c4 g6 3. g3 Bg7 4. Bg2 O-O 5. Nc3 d6 6. Nf3 Nbd7 7. O-O e5 8. e4 a6 9. Re1 exd4 10. Nxd4 Ne5 11. b3 c5 12. Nc2 b5 13. cxb5 Bg4 14. f3 Be6 15. Bb2 c4 16. Nd4 Nd3 17. Re2 d5 18. e5 Nd7 19. f4 axb5 20. Ncxb5 Bg4 21. Bf3 Bxf3 22. Nxf3 N7c5 23. Bd4 Ne6 24. Be3 Qd7 25. Nd6 Qc6 26. Nd4 Nxd4 27. Bxd4 f6 28. bxc4 dxc4 29. Qc2 fxe5 30. fxe5 Nxe5 31. Bxe5 Qc5+ 32. Kg2 Bxe5 33. Ne4 Qc6 34. Rc1 c3 35. Qb3+ Kg7 36. Rcc2 Rae8 37. Kh3 Rf5 38. Qb4 Re6 39. a4 g5 40. Qb5 Qc8 41. Kg2 Kg6 42. Qd5 Bg7 43. Qd3 Qc6 44. Kg1 Kh6 45. g4 Bd4+ 46. Qxd4 Rf4 0-1


[Site "https://www.chess.com"]

[Event "Titled Tuesday Blitz November 14 Early 2023"]
[White "Le, Tuan Minh"]
[Black "brm72"]
[WhiteFideId "12401153"]
[WhiteElo "3060"]
[BlackElo "2530"]
[Result "1-0"]
[Round "1"]
[TimeControl "180+1"]
[Date "2023.11.14"]
[WhiteClock "0:02:27"]
[BlackClock "0:01:00"]
[Board "10"]

1. d4 Nf6 2. Nf3 e6 3. Bf4 d5 4. e3 c5 5. c3 Nc6 6. Nbd2 Be7 7. Bd3 h6 8. O-O O-O 9. Qe2 cxd4 10. exd4 b6 11. Rfe1 Bb7 12. Ne5 Nd7 13. Nxd7 Qxd7 14. Qg4 Kh8 15. Qh5 f5 16. Bxh6 gxh6 17. Qxh6+ Kg8 18. Rxe6 Nd8 19. Qg6+ Kh8 20. Qh5+ Kg8 21. Rg6+ Kf7 22. Rd6+ 1-0


[Site "https://www.chess.com"]

[Event "Titled Tuesday Blitz November 14 Early 2023"]
[White "Postlmayer, Jakob"]
[Black "Sadhwani, Raunak"]
[WhiteFideId "1643622"]
[BlackFideId "35093487"]
[WhiteElo "2529"]
[BlackElo "3059"]
[Result "0-1"]
[Round "1"]
[TimeControl "180+1"]
[Date "2023.11.14"]
[WhiteClock "0:00:17"]
[BlackClock "0:00:21"]
[Board "11"]

1. d4 Nc6 2. Nf3 e6 3. e4 d5 4. e5 f6 5. Bb5 Bd7 6. O-O a6 7. Bxc6 Bxc6 8. Nc3 Qd7 9. Re1 Ne7 10. a4 Ng6 11. b3 Be7 12. Ba3 Bxa3 13. Rxa3 Kf7 14. Qd2 h5 15. Raa1 Rae8 16. Re2 h4 17. h3 Rh5 18. Rae1 Qd8 19. Na2 Bd7 20. Nb4 Rf5 21. Nd3 b6 22. Nh2 Rh8 23. Ng4 Rfh5 24. Nf4 Nxf4 25. Qxf4 f5 26. Nh2 g5 27. Qe3 a5 28. c4 Bc6 29. Rc1 Rg8 30. Qf3 Rh7 31. Ng4 dxc4 32. Qxc6 fxg4 33. Rxc4 gxh3 34. Qxc7+ Kg6 35. Qxd8 Rxd8 36. gxh3 Rhd7 37. Re4 Kf5 38. f3 Rd5 39. Kf2 b5 40. axb5 Rxb5 41. Re3 Rdb8 42. Rcc3 Rb4 43. Red3 Kf4 44. Rc7 Rf8 45. Ra7 Rb5 46. Re3 Kf5 47. Rc3 Kf4 48. Rcc7 Rf5 49. Rc3 Rd5 50. Rc4 Rf8 51. Rxa5 Rxa5 52. d5+ Kxe5 53. dxe6 Kxe6 0-1


[Site "https://www.chess.com"]

[Event "Titled Tuesday Blitz November 14 Early 2023"]
[White "Lazavik, Denis"]
[Black "Herman, Matthew"]
[WhiteFideId "13515110"]
[BlackFideId "2028964"]
[WhiteElo "3052"]
[BlackElo "2527"]
[Result "1-0"]
[Round "1"]
[TimeControl "180+1"]
[Date "2023.11.14"]
[WhiteClock "0:00:09"]
[BlackClock "0:00:14"]
[Board "12"]

1. d4 Nf6 2. c4 g6 3. Nc3 Bg7 4. e4 d6 5. h3 O-O 6. Be3 c5 7. d5 b5 8. cxb5 a6 9. a4 Qa5 10. Bd2 Qb4 11. Qc2 axb5 12. Bxb5 Ba6 13. f3 Bxb5 14. Nxb5 Qxb5 15. axb5 Rxa1+ 16. Bc1 Nbd7 17. Ne2 Rb8 18. Nc3 Nh5 19. O-O Bd4+ 20. Kh2 Be5+ 21. f4 Nxf4 22. Kh1 Nh5 23. Ne2 Rxb5 24. g4 Nhf6 25. Qd3 Rxb2 26. Qf3 Rbb1 27. g5 Bb2 28. gxf6 Nxf6 29. Kg2 Bxc1 30. e5 dxe5 31. d6 e4 32. Qf2 Rb2 33. d7 Raa2 34. d8=Q+ Kg7 35. Rxc1 Rxe2 36. Qxe2 Rxe2+ 37. Kf1 Ra2 38. Qxe7 Ra3 39. Qe5 Rf3+ 40. Kg2 Rf5 41. Qc3 h5 42. Rf1 h4 43. Rxf5 gxf5 44. Qxc5 Kg6 45. Kf2 Kg5 46. Ke3 Nh5 47. Qe7+ f6 48. Qf7 f4+ 49. Kxe4 Ng3+ 50. Kf3 Kf5 51. Qd5+ Kg6 52. Kxf4 Nh5+ 53. Kg4 f5+ 54. Qxf5+ Kg7 55. Kxh5 1-0


[Site "https://www.chess.com"]

[Event "Titled Tuesday Blitz November 14 Early 2023"]
[White "Soham Kamotra"]
[Black "Erdogmus, Yagiz Kaan"]
[WhiteFideId "46647490"]
[BlackFideId "44599790"]
[WhiteElo "2527"]
[BlackElo "3038"]
[Result "0-1"]
[Round "1"]
[TimeControl "180+1"]
[Date "2023.11.14"]
[WhiteClock "0:00:09"]
[BlackClock "0:00:16"]
[Board "13"]

1. Nf3 Nf6 2. b3 d5 3. e3 Bf5 4. Bb2 c6 5. Nh4 Bg4 6. Be2 Bxe2 7. Qxe2 Nbd7 8. f4 e6 9. O-O Bd6 10. d3 O-O 11. Nd2 Re8 12. Kh1 e5 13. Nf5 Bc7 14. fxe5 Bxe5 15. Bxe5 Nxe5 16. Nf3 Neg4 17. Qd2 g6 18. h3 gxf5 19. hxg4 Nxg4 20. Qe1 Qd6 21. Qh4 Re6 22. Kg1 Rh6 23. Qg5+ Rg6 24. Qf4 Re8 25. Qxd6 Rxd6 26. Nd4 Nxe3 27. Nxf5 Nxf5 28. Rxf5 Re2 29. Rf2 Re7 30. a4 a5 31. Raf1 Kg7 32. Rf4 Rg6 33. R1f2 f6 34. Kf1 h5 35. R2f3 Re5 36. Kf2 Kf7 37. Rh4 Ke6 38. g3 Rg4 39. Rxg4 hxg4 40. Rf4 Rf5 41. Ke3 Rxf4 42. Kxf4 f5 43. d4 Kf6 44. c3 Kg6 45. c4 Kf6 46. c5 Kg6 47. Ke5 Kg5 48. Kd6 f4 49. gxf4+ Kxf4 50. Kc7 g3 51. Kxb7 g2 52. Kxc6 g1=Q 53. Kxd5 Qg2+ 54. Kc4 Qc2+ 55. Kb5 Qxb3+ 56. Kxa5 Ke4 57. c6 Qc4 58. Kb6 Qb4+ 59. Ka7 Qxa4+ 60. Kb7 Qb5+ 61. Ka7 Qxc6 62. d5 Kxd5 63. Kb8 Qd7 64. Ka8 Kc6 0-1


[Site "https://www.chess.com"]

[Event "Titled Tuesday Blitz November 14 Early 2023"]
[White "Demchenko, Anton"]
[Black "Ben Artzi, Ido"]
[WhiteFideId "4160258"]
[BlackFideId "2810913"]
[WhiteElo "3025"]
[BlackElo "2527"]
[Result "1-0"]
[Round "1"]
[TimeControl "180+1"]
[Date "2023.11.14"]
[WhiteClock "0:01:29"]
[BlackClock "0:00:00"]
[Board "14"]

1. e4 e5 2. Nf3 Nc6 3. Bc4 Bc5 4. d3 Nf6 5. Bg5 h6 6. Bh4 g5 7. Bg3 d6 8. c3 Bg4 9. Nbd2 Qe7 10. h3 Bh5 11. Qc2 O-O-O 12. b4 Bb6 13. Bb5 Nb8 14. a4 c6 15. a5 Bc7 16. Ba4 d5 17. b5 cxb5 18. Bxb5 a6 19. Ba4 Bxf3 20. Nxf3 dxe4 21. dxe4 Nbd7 22. Bxd7+ Rxd7 23. O-O Rhd8 24. Rfb1 Qc5 25. Qb3 Bb8 26. Ra4 Rc7 27. Bxe5 1-0


[Site "https://www.chess.com"]

[Event "Titled Tuesday Blitz November 14 Early 2023"]
[White "Slade, Theodore"]
[Black "Martinez Alcantara, Jose Eduardo"]
[WhiteFideId "426547"]
[BlackFideId "3805662"]
[WhiteElo "2526"]
[BlackElo "3021"]
[Result "0-1"]
[Round "1"]
[TimeControl "180+1"]
[Date "2023.11.14"]
[WhiteClock "0:00:04"]
[BlackClock "0:02:10"]
[Board "15"]

1. d4 Nf6 2. c4 e6 3. g3 Bb4+ 4. Nd2 c5 5. a3 Bxd2+ 6. Qxd2 cxd4 7. Nf3 O-O 8. Nxd4 d5 9. cxd5 Qxd5 10. Nf3 Qb5 11. Bg2 Nc6 12. O-O e5 13. b4 Rd8 14. Qc2 e4 15. a4 Qh5 16. Ng5 Nd4 17. Qb1 Bf5 18. Nxe4 Nxe2+ 19. Kh1 Bxe4 20. Bxe4 Nc3 21. Bxb7 Nxb1 22. Bxa8 Rxa8 23. Rxb1 Ng4 24. h4 Qd5+ 25. Kg1 Ne5 26. f4 Qd4+ 27. Kh2 Ng4+ 28. Kh3 h5 29. Rb2 Rc8 30. Re1 Rxc1 31. Rxc1 Qxb2 32. Rc8+ Kh7 33. b5 Qh2# 0-1


[Site "https://www.chess.com"]

[Event "Titled Tuesday Blitz November 14 Early 2023"]
[White "Terry, Renato"]
[Black "vishwa_vijeta"]
[WhiteFideId "3803457"]
[WhiteElo "3012"]
[BlackElo "2526"]
[Result "1-0"]
[Round "1"]
[TimeControl "180+1"]
[Date "2023.11.14"]
[WhiteClock "0:02:04"]
[BlackClock "0:02:06"]
[Board "16"]

1. e4 c5 2. Nf3 d6 3. Bb5+ Bd7 4. Bxd7+ Qxd7 5. O-O Nc6 6. c3 d5 7. e5 e6 8. d4 cxd4 9. cxd4 Rc8 10. Nc3 Nge7 11. a3 Nf5 12. Qd3 Be7 13. Bd2 O-O 14. b4 h5 15. Ne2 a6 16. h3 Na7 17. g4 hxg4 18. hxg4 Nh4 19. Nxh4 Bxh4 20. a4 Be7 21. Kg2 Qc6 22. Rfc1 Qd7 23. Rh1 Qc6 24. Qh7# 1-0


[Site "https://www.chess.com"]

[Event "Titled Tuesday Blitz November 14 Early 2023"]
[White "Rangel, Daniel"]
[Black "Bortnyk, Olexandr"]
[WhiteFideId "2124475"]
[BlackFideId "14120828"]
[WhiteElo "2525"]
[BlackElo "3012"]
[Result "0-1"]
[Round "1"]
[TimeControl "180+1"]
[Date "2023.11.14"]
[WhiteClock "0:00:00"]
[BlackClock "0:00:12"]
[Board "17"]

1. c4 Nf6 2. g3 g6 3. Bg2 Bg7 4. Nc3 O-O 5. e4 d6 6. Nge2 c5 7. O-O Nc6 8. d4 cxd4 9. Nxd4 Nxe4 10. Nxc6 Nxc3 11. Nxd8 Nxd1 12. Nxb7 Bxb7 13. Bxb7 Rab8 14. Rxd1 Rxb7 15. Rb1 Rc8 16. Be3 Rxc4 17. Rbc1 Rxc1 18. Rxc1 Bxb2 19. Rb1 Rb4 20. Bd2 Rb6 21. Ba5 Ra6 22. Bd8 Bf6 23. Rb7 Kf8 24. Rb8 Rxa2 25. h4 h5 26. Kg2 Kg7 27. Rb7 e6 28. Bc7 d5 29. Bd6 Bd4 30. Rb8 Rxf2+ 31. Kh3 Re2 32. Bf8+ Kf6 0-1


[Site "https://www.chess.com"]

[Event "Titled Tuesday Blitz November 14 Early 2023"]
[White "Korobov, Anton"]
[Black "Kubicka, Anna"]
[WhiteFideId "14105730"]
[BlackFideId "1152254"]
[WhiteElo "3005"]
[BlackElo "2524"]
[Result "1-0"]
[Round "1"]
[TimeControl "180+1"]
[Date "2023.11.14"]
[WhiteClock "0:01:21"]
[BlackClock "0:00:00"]
[Board "18"]

1. d4 Nf6 2. c4 e6 3. Nc3 d5 4. cxd5 exd5 5. Bg5 c6 6. e3 Be7 7. Qc2 Nbd7 8. Bd3 Nf8 9. h3 h6 10. Bh4 Ne6 11. Nf3 Bd7 12. Ne5 O-O 13. O-O Nh5 14. Bxe7 Qxe7 15. Rae1 Nf6 16. f4 Rad8 17. a3 c5 18. Qf2 Qd6 19. g4 cxd4 20. exd4 Qb6 21. Rd1 Nxd4 22. g5 hxg5 23. fxg5 Nh5 24. Nxd5 Qc5 25. Be4 Ne2+ 26. Kh2 Qxf2+ 27. Rxf2 Rfe8 28. Nxf7 Rxe4 29. Nxd8 Bc6 30. Nxc6 bxc6 31. g6 Nf6 32. Rxf6 gxf6 33. Nxf6+ 1-0


[Site "https://www.chess.com"]

[Event "Titled Tuesday Blitz November 14 Early 2023"]
[White "Kovacsy, Barnabas"]
[Black "Oparin, Grigoriy"]
[WhiteFideId "769290"]
[BlackFideId "24125890"]
[WhiteElo "2523"]
[BlackElo "3004"]
[Result "1/2-1/2"]
[Round "1"]
[TimeControl "180+1"]
[Date "2023.11.14"]
[WhiteClock "0:00:28"]
[BlackClock "0:00:42"]
[Board "19"]

1. e4 c5 2. Nf3 Nc6 3. d4 cxd4 4. Nxd4 e5 5. Nb5 d6 6. N1c3 a6 7. Na3 Be6 8. Nc4 Rb8 9. Ne3 Nf6 10. Bd3 g6 11. O-O Bg7 12. Ned5 Bxd5 13. Nxd5 Nxd5 14. exd5 Ne7 15. c4 O-O 16. Be3 f5 17. f3 f4 18. Bf2 Nf5 19. Re1 Bh6 20. Bxf5 gxf5 21. c5 Rf7 22. Qd3 Bg7 23. Rac1 dxc5 24. Rxc5 Qd6 25. Rec1 Bf8 26. Rc8 Rxc8 27. Rxc8 Rc7 28. Qxf5 Rxc8 29. Qxc8 Qxd5 30. Qg4+ Kf7 31. Qf5+ Ke8 32. Qc8+ Kf7 33. Qf5+ Kg8 34. Qg4+ Kh8 35. h4 h6 36. Qf5 Bg7 37. Qc8+ Kh7 38. Qf5+ Kg8 39. Qc8+ Kf7 40. Qc7+ Kg6 41. h5+ Kh7 42. Qc8 Qf7 43. Qg4 Bf8 44. Qc8 Bg7 45. Qc2+ Kg8 46. Qc8+ Bf8 47. Bc5 Kg7 48. Bxf8+ Qxf8 49. Qxb7+ Kg8 50. Qxa6 Qc5+ 51. Kh2 e4 52. Qg6+ Kf8 53. Qxh6+ Ke8 54. Qg6+ Kd7 55. Qxe4 Qxh5+ 56. Kg1 Qc5+ 57. Kf1 Qc1+ 58. Ke2 Qxb2+ 59. Kd3 Qxg2 60. Qd4+ Ke7 61. Qe5+ Kd7 62. Qd4+ Ke7 63. Qe4+ Kd7 64. Qxf4 Qxa2 65. Ke4 Qe6+ 66. Qe5 Qc4+ 67. Qd4+ Qxd4+ 68. Kxd4 Kd6 69. Ke4 Ke6 70. Kf4 Kf6 71. Kg4 Kg6 72. f4 Kf6 73. f5 Kf7 74. Kg5 Kg7 75. f6+ Kf7 76. Kf5 Kf8 77. Ke5 Kf7 78. Kf5 Kf8 79. Kg6 Kg8 80. f7+ Kf8 81. Kf6 1/2-1/2


[Site "https://www.chess.com"]

[Event "Titled Tuesday Blitz November 14 Early 2023"]
[White "Muradli, Mahammad"]
[Black "Manukian, Artak"]
[WhiteFideId "13409301"]
[BlackFideId "13301373"]
[WhiteElo "2998"]
[BlackElo "2522"]
[Result "1-0"]
[Round "1"]
[TimeControl "180+1"]
[Date "2023.11.14"]
[WhiteClock "0:01:14"]
[BlackClock "0:00:28"]
[Board "20"]

1. e4 c6 2. Nf3 d5 3. Qe2 dxe4 4. Qxe4 Nf6 5. Qe2 Bf5 6. Nc3 e6 7. g3 Nd5 8. Ne4 Nd7 9. Bg2 N7f6 10. d3 Be7 11. O-O h6 12. Rd1 O-O 13. c3 Nc7 14. Nxf6+ Bxf6 15. d4 Nd5 16. Ne5 Qc7 17. Nd3 b5 18. Nc5 a5 19. a4 b4 20. c4 Ne7 21. Bf4 Qc8 22. b3 g5 23. Be5 Bxe5 24. dxe5 Rd8 25. Rxd8+ Qxd8 26. Rd1 Qc7 27. g4 Bh7 28. Rd7 Qb6 29. Qe3 Ng6 30. Be4 Rd8 31. Bxg6 Bxg6 32. Nxe6 Qxe3 33. Rxd8+ Kh7 34. Nf8+ 1-0


[Site "https://www.chess.com"]

[Event "Titled Tuesday Blitz November 14 Early 2023"]
[White "Rodriguez Fontecha, Marcos"]
[Black "Vokhidov, Shamsiddin"]
[WhiteFideId "2256576"]
[BlackFideId "14204223"]
[WhiteElo "2522"]
[BlackElo "2996"]
[Result "0-1"]
[Round "1"]
[TimeControl "180+1"]
[Date "2023.11.14"]
[WhiteClock "0:00:22"]
[BlackClock "0:02:21"]
[Board "21"]

1. d4 Nf6 2. Nf3 d5 3. g3 c5 4. Bg2 cxd4 5. Nxd4 e5 6. Nb3 Be7 7. O-O O-O 8. c3 h6 9. N1d2 Bf5 10. Re1 Nc6 11. e4 dxe4 12. Nc4 Qxd1 13. Rxd1 Rfd8 14. Be3 b6 15. a4 Nd5 16. h3 Be6 17. Nbd2 f5 18. Re1 Nxe3 19. Rxe3 Rac8 20. Re2 Rd3 21. Bf1 Rcd8 22. Kg2 Bg5 0-1


[Site "https://www.chess.com"]

[Event "Titled Tuesday Blitz November 14 Early 2023"]
[White "Pranesh M"]
[Black "Alinasab, Mobina"]
[WhiteFideId "35028600"]
[BlackFideId "12528897"]
[WhiteElo "2990"]
[BlackElo "2521"]
[Result "0-1"]
[Round "1"]
[TimeControl "180+1"]
[Date "2023.11.14"]
[WhiteClock "0:00:24"]
[BlackClock "0:00:13"]
[Board "22"]

1. e4 c5 2. Nf3 d6 3. d4 cxd4 4. Nxd4 Nf6 5. Nc3 a6 6. Rg1 e5 7. Nb3 Be6 8. g4 d5 9. exd5 Nxd5 10. Nxd5 Qxd5 11. Qxd5 Bxd5 12. Be3 Nc6 13. O-O-O O-O-O 14. Bb6 Rd7 15. g5 Be6 16. Rxd7 Bxd7 17. Nc5 Bf5 18. Bc4 Bg6 19. Rd1 Be7 20. Bd5 Bxg5+ 21. Kb1 Bd8 22. Bxc6 Bxb6 23. Nxb7 Kc7 24. Bd5 Rb8 25. f3 Rxb7 26. Bxb7 Kxb7 27. b4 Kc6 28. a4 Bd4 29. Ka2 f5 30. Kb3 Bh5 31. Rd3 Bg1 32. c4 e4 33. b5+ Kc7 34. fxe4 fxe4 35. Rd5 Bf3 36. c5 axb5 37. axb5 e3 38. b6+ Kc6 39. Re5 e2 40. Kc4 Bf2 41. Re7 Bd5+ 42. Kd3 e1=Q 43. Rxe1 Bxe1 44. Kd4 Bf2+ 45. Ke5 Bxc5 46. b7 Ba7 0-1


[Site "https://www.chess.com"]

[Event "Titled Tuesday Blitz November 14 Early 2023"]
[White "Shubenkova, Veronika"]
[Black "Makarian, Rudik"]
[WhiteFideId "44124040"]
[BlackFideId "44105681"]
[WhiteElo "2520"]
[BlackElo "2984"]
[Result "0-1"]
[Round "1"]
[TimeControl "180+1"]
[Date "2023.11.14"]
[WhiteClock "0:00:00"]
[BlackClock "0:00:41"]
[Board "23"]

1. e4 c5 2. Nc3 Nc6 3. g3 g6 4. Bg2 Bg7 5. d3 d6 6. f4 Nh6 7. Nf3 O-O 8. O-O f5 9. h3 Rb8 10. Ne2 b5 11. Rb1 Qd7 12. Be3 Bb7 13. c3 Kh8 14. Kh2 e6 15. Qc2 a5 16. Ng5 b4 17. c4 Nf7 18. h4 Nh6 19. Bh3 Ra8 20. Rbe1 a4 21. Qd1 Bxb2 22. d4 b3 23. axb3 a3 24. Qd2 Rfe8 25. dxc5 Rad8 26. Rd1 d5 27. cxd5 exd5 28. e5 d4 29. Bf2 Qd5 30. b4 Nxe5 31. Rg1 Nhg4+ 32. Bxg4 Nxg4+ 33. Kh3 Nxf2+ 34. Kh2 Ng4+ 35. Kh3 h6 0-1


[Site "https://www.chess.com"]